 Dungeon Crawl Stone Soup version 0.28.0 (webtiles) character file.

Game seed: 13273005683618123696

116 crazypyro the Skirmisher (level 4, -3/41 HPs)
             Began as a Minotaur Fighter on Feb 4, 2022.
             Killed by nerve-wracking pain
             ... invoked by Grinder
              (14 damage)
             ... on level 4 of the Dungeon.
             The game lasted 00:01:42 (2156 turns).

crazypyro the Skirmisher (Minotaur Fighter)         Turns: 2156, Time: 00:01:42

Health: -3/41      AC:  8    Str: 21    XL:     4   Next: 69%
Magic:  3/3        EV:  9    Int:  5    God:
Gold:   121        SH:  4    Dex: 11    Spells: 3/3 levels left

rFire   . . .      SeeInvis .   a - +0 war axe
rCold   . . .      Faith    .   c - +0 buckler
rNeg    . . .      Spirit   .   b - +0 scale mail
rPois   .          Reflect  .   (helmet restricted)
rElec   .          Harm     .   k - +0 cloak
rCorr   .          Rampage  .   (no gloves)
Will    .....                   (no boots)
Stlth   ..........              (no amulet)
HPRegen 0.13/turn               (no ring)
MPRegen 0.08/turn               (no ring)

@: no status effects
A: horns 2, retaliatory headbutt
a: no special abilities


You were on level 4 of the Dungeon.
You visited 1 branch of the dungeon, and saw 4 of its levels.

You collected 121 gold pieces.

Inventory:

Hand Weapons
 a - a +0 war axe (weapon)
Armour
 b - a +0 scale mail (worn)
 c - a +0 buckler (worn)
 k - a +0 cloak (worn)
Wands
 s - a wand of digging (6)
Scrolls
 h - 3 scrolls of teleportation {unknown}
 i - 4 scrolls of identify {unknown}
 m - a scroll of immolation {unknown}
 n - a scroll of vulnerability {unknown}
 o - a scroll of blinking {unknown}
 p - 2 scrolls of fog {unknown}
 q - a scroll of magic mapping {unknown}
 r - a scroll of enchant weapon {unknown}
Potions
 d - a potion of might
 e - a potion of invisibility {unknown}
 f - a potion of curing {unknown}
 g - 2 potions of heal wounds {unknown}
 j - a potion of cancellation {unknown}
 l - a potion of lignification {unknown}


   Skills:
 + Level 4.4 Fighting
 * Level 4.4 Axes
 - Level 4.0 Armour
 + Level 1.4 Dodging
 - Level 4.0 Shields


You had 3 spell levels left.
You didn't know any spells.
Your spell library contained the following spells:

 Spells                   Type           Power      Damage    Failure   Level
 Tukima's Dance           Hex            0%         N/A       99%         3
 Anguish                  Hex/Necr       0%         N/A       100%        4
 Enfeeble                 Hex            0%         N/A       100%        7


Dungeon Overview and Level Annotations

Branches:
Dungeon (4/15)
 Temple: D:4-7

Altars:

Annotations:
D:4 Grinder


Innate Abilities, Weirdness & Mutations

You have a pair of horns on your head.
You reflexively headbutt those who attack you in melee.


Message History

Done exploring.
Done exploring.
(D) Dungeon
Where to? (Enter - D:3, ? - help)
There is a stone staircase leading down here.
You climb downwards.
Found a scale mail, a scroll labelled ZUTEUN SOPUE and 5 poisoned darts.
There is a stone staircase leading up here.
Grinder is nearby!
Found a chain mail.
You barely miss Grinder. You block Grinder's attack.
You closely miss Grinder. Grinder closely misses you.
You closely miss Grinder. Grinder hits you!
You closely miss Grinder. Grinder hits you but does no damage.
Grinder gestures at you.
You barely resist. You completely miss Grinder. Grinder hits you.
You slash Grinder!
Grinder is lightly wounded.
Grinder closely misses you.
You slash Grinder!
Grinder is moderately wounded.
Grinder closely misses you. Grinder hits you but does no damage.
You hit Grinder. You headbutt Grinder!
Grinder is severely wounded.
Grinder gestures at you. Pain shoots through your body!
You are too injured to fight recklessly!
You closely miss Grinder. You headbutt Grinder!
Grinder is almost dead.
Grinder hits you but does no damage.
You closely miss Grinder.
Grinder is almost dead.
Grinder hits you.
* * * LOW HITPOINT WARNING * * *
You writhe in agony.
* * * LOW HITPOINT WARNING * * *
Grinder gestures at you. Pain shoots through your body!
You die...

..##############
...[.....5.....[
.......<@#
#.#####.## #...
.(...? ###....#
##.... ######


You could see Grinder.

Vanquished Creatures
  Terence (D:2)
  4 adders
  7 orcs (D:3)
  A bat (D:3)
  8 endoplasms
  2 giant cockroaches
  A hobgoblin (D:2)
  A quokka (D:1)
  4 ball pythons
  6 frilled lizards
  7 goblins
  6 kobolds
  3 rats
51 creatures vanquished.

Vanquished Creatures (others)
  39 plants (D:3)
39 creatures vanquished.

Grand Total: 90 creatures vanquished

Notes
Turn   | Place    | Note
-------+----------+-------------------------------------------
     0 | D:1      | crazypyro the Minotaur Fighter began the quest for the Orb.
     0 | D:1      | Reached XP level 1. HP: 19/19 MP: 0/0
   246 | D:1      | Reached XP level 2. HP: 26/27 MP: 1/1
   652 | D:2      | Reached XP level 3. HP: 33/33 MP: 2/2
   779 | D:2      | Noticed Terence
   786 | D:2      | Killed Terence
  1126 | D:3      | Reached XP level 4. HP: 40/40 MP: 3/3
  1359 | D:3      | Found a faded altar of an unknown god.
  1387 | D:3      | Reached skill level 1 in Dodging
  2145 | D:4      | Noticed Grinder
  2156 | D:4      | Killed from afar by Grinder

Illustrated notes

Levels and vault maps discovered:
D:1:      beargit_arrival_greenhouse, layout_rooms
D:2:      layout_rooms, uniq_terence
D:3:      layout_loops_cross, serial_bayou, serial_bayou_pond_e,
          serial_bayou_shore_b, serial_bayou_lake_a, serial_bayou_lagoon_a,
          basic_ecumenical_altar, minmay_randomly_rotated_circles
D:4:      layout_loops_ring, gammafunk_ghost_grave, uniq_grinder

Skill      XL: |  1  2  3  4 |
---------------+-------------+-----
Axes           | 3 4 |  4.4
Fighting       | 4 |  4.4
Armour         | 4 |  4.0
Shields        | 4 |  4.0
Dodging        | 1 |  1.4

Action                   |  1- 3 |  4- 6 || total
-------------------------+-------+-------++-------
Melee: War axe           |    54 |    46 ||   100
       Headbutt          |     9 |     8 ||    17
Armor: Scale mail        |    23 |    24 ||    47
Dodge: Dodged            |    16 |    16 ||    32
Block: Buckler           |    11 |     9 ||    20
